Map: Dragon Scales LE

Players

NoobToss

  • Race: Terran Terran
  • League: Platinum
  • Spawn Location: 11:00

ahahahahahah - Winner!

  • Race: Terran Terran
  • League: Diamond
  • Spawn Location: 5:00

VOD

Have the link to the VOD?

Description

Time

  • Played on: March 20, 2023, 7:58 p.m.
  • Length: 8:56
Show
View Real Time Build Order
Export as new Build Order

NoobToss Terran 

Build Orders: 2 Factory, Reaper Expand 

Get SALT Encoding   

  12  0:00  SCV  
  13  0:12  SCV  
  14  0:17  Supply Depot  
  14  0:24  SCV  
  15  0:38  SCV  
  15  0:41  Barracks  
  16  0:46  Refinery  
  16  0:50  SCV  
  17  1:02  SCV  
  18  1:15  SCV  
  19  1:31  Orbital Command  
  19  1:32  Reaper  
  19  1:47  Command Center  
  19  2:00  SCV  
  19  2:09  Supply Depot  
  19  2:15  Refinery  
  19  2:19  Factory  
  19  2:21  SCV  
  20  2:30  Barracks Reactor  
  20  2:33  SCV  
  21  2:45  SCV  
  22  2:57  SCV  
  23  2:59  Factory  
  23  3:01  Orbital Command  
  23  3:05  Supply Depot  
  23  3:06  Marine  
  23  3:08  Marine  
  23  3:09  SCV  
  26  3:12  Factory Tech Lab  
  26  3:21  SCV  
  26  3:24  Marine  
  26  3:26  Marine  
  29  3:32  Siege Tank  
  32  3:35  SCV  
  32  3:36  SCV  
  34  3:42  Marine  
  34  3:47  Factory Tech Lab  
  34  3:48  SCV x2  
  37  4:00  SCV x2  
  39  4:12  SCV x2  
  39  4:15  Supply Depot  
  41  4:18  Cyclone  
  43  4:24  SCV  
  43  4:25  Siege Tank  
  43  4:28  SCV  
  48  4:32  Supply Depot  
  48  4:36  SCV  
  49  4:40  SCV  
  50  4:46  Marine x2  
  50  4:48  SCV  
  50  4:52  SCV, Starport  
  53  5:00  SCV  
  53  5:05  Orbital Command  
  52  5:15  SCV  
  46  5:29  Viking  
  48  5:36  Cyclone  
  48  5:38  Siege Tank  
  54  5:44  Supply Depot  
  54  5:45  SCV x2  
  56  5:59  Viking  
  58  6:15  SCV x2  
  59  6:21  Siege Tank  
  62  6:27  SCV  
  61  6:34  Supply Depot  
  61  6:35  Supply Depot  
  61  6:37  Siege Tank  
  61  6:42  Viking  
  61  7:09  Siege Tank  
  64  7:17  Engineering Bay  
  62  7:24  SCV  
  62  7:25  SCV  
  62  7:27  Starport Reactor  
  64  7:38  SCV  
  64  7:39  SCV  
  64  7:41  Cyclone, Factory Tech Lab  
  69  7:50  SCV  
  70  7:57  SCV  
  71  8:03  SCV  
  66  8:06  Viking x2  
  63  8:32  Hellion x2  
Show
View Real Time Build Order
Export as new Build Order

ahahahahahah Terran - Winner!

Build Orders: 1/1/1, Liberator Opening 

Get SALT Encoding   

  12  0:02  SCV  
  13  0:14  SCV  
  13  0:18  Supply Depot  
  14  0:26  SCV  
  15  0:35  Refinery  
  15  0:39  SCV  
  16  0:45  Barracks  
  16  0:52  SCV  
  17  1:04  SCV  
  18  1:16  Refinery, SCV  
  19  1:28  SCV  
  20  1:40  Factory  
  20  1:48  Supply Depot  
  20  1:49  Barracks Reactor  
  20  1:52  Orbital Command  
  19  2:22  SCV  
  20  2:26  Factory Tech Lab  
  20  2:29  Starport  
  20  2:30  Marine x2  
  20  2:34  SCV  
  23  2:46  SCV, Siege Tank  
  23  2:49  Marine  
  23  2:50  Marine  
  29  2:58  SCV  
  29  3:03  Supply Depot  
  30  3:07  Starport Reactor  
  30  3:12  Marine  
  31  3:23  Supply Depot  
  31  3:24  Marine, Siege Tank  
  35  3:39  SCV  
  36  3:45  Marine x2  
  36  3:47  Liberator  
  36  3:48  Viking  
  43  3:56  Supply Depot  
  43  4:15  Siege Tank  
  46  4:19  Marine x2, Supply Depot  
  48  4:39  Viking, Command Center  
  50  5:05  Viking  
  52  5:09  Viking  
  50  5:28  Siege Tank  
  53  5:29  Marine x2  
  55  5:37  SCV  
  56  5:43  Viking  
  56  5:47  Marine  
  56  5:49  SCV  
  60  5:51  Refinery  
  60  5:52  Refinery  
  45  6:44  Liberator x2  
  52  7:08  Siege Tank  
  52  7:09  Marine x2  
  52  7:14  Orbital Command  
  52  7:27  Viking x2, Marine  
  57  7:36  SCV  
  58  7:40  Siege Tank  
  61  7:44  SCV  
  61  7:48  SCV  
  63  7:56  SCV  
  63  7:57  Viking  
  66  8:00  SCV  
  67  8:12  SCV  
Tags
 
Add a new tag
Caveats
  • Supply blocks, unpowered buildings, or Contaminate may cause inaccurate times.
  • Supply counts are checked every 10 seconds.